 Dungeon Sprint DCSS version 0.21.1-1-g345015f (webtiles) character file.

1357 Fang the Fighter (level 8, 0/90 HPs)
             Began as a Gargoyle Berserker on May 21, 2018.
             Was an Elder of Trog.
             Slain by a fire elemental (1 damage)
             ... summoned by a deep elf mage
             ... in the Dungeon (Sprint V: "Ziggurat Sprint").
             The game lasted 00:01:27 (343 turns).

Fang the Fighter (Gargoyle Berserker)                Turns: 343, Time: 00:01:28

Health: 0/90       AC: 11    Str: 35    XL:     8   Next: 64%
Magic:  8/8        EV: 14    Int:  7    God:    Trog [****..]
Gold:   0          SH:  0    Dex:  9    Spells: 7/7 levels left

rFire    . . .     SeeInvis .   l - +5 demon trident
rCold    + + .     Gourm    .   (no shield)
rNeg     + . .     Faith    .   A - +2 leather armour "Dinyer" {rC+}
rPois    ∞         Spirit   .   (no helmet)
rElec    +         Reflect  .   (no cloak)
rCorr    .         Harm     .   (no gloves)
MR       .....     NoTele   +   (no boots)
Stlth    ..........             (no amulet)
HPRegen  0.25/turn              b - ring of Hoidgh {+Fly rC+}
MPRegen  0.11/turn              F - +6 ring of strength

@: berserking, very quick
A: negative energy resistance 1, electricity resistance, unbreathing,
petrification resistance, rot immunity, AC +5
a: Berserk, Trog's Hand, Brothers in Arms, Burn Spellbooks, Renounce Religion,
Evoke Flight


You were in the Dungeon.
You worshipped Trog.
Trog was greatly pleased with you.
You were very hungry.

You visited 1 branch

Inventory:

Hand Weapons
 k - a +5 executioner's axe
 l - a +5 demon trident (weapon)
Armour
 j - +5 shadow dragon scales
 A - the +2 leather armour "Dinyer" (worn) {rC+}
   (You found it in the Dungeon)

   It protects you from cold.
Jewellery
 a - a +2 ring of evasion
 b - the ring of Hoidgh (left hand) {+Fly rC+}
   (You found it in the Dungeon)

   [ring of flight]

   It protects you from cold.
   It lets you fly.
 F - a +6 ring of strength (right hand)
 G - an uncursed ring of flight
Wands
 x - a wand of disintegration (7)
 y - a wand of iceblast (7)
 z - a wand of acid (7)
Scrolls
 i - 4 scrolls of blinking
 m - 7 scrolls of fog
 n - a scroll of holy word
 o - 5 scrolls of identify
 p - 5 scrolls of remove curse
 q - 2 scrolls of fear
Potions
 d - 10 potions of curing
 e - 10 potions of heal wounds
 f - 6 potions of haste
 g - 7 potions of magic
 h - 3 potions of berserk rage
 r - 2 potions of brilliance
 s - 2 potions of invisibility
 t - 4 potions of resistance
 u - a potion of experience
 v - 5 potions of agility
 w - 5 potions of might
Comestibles
 c - 7 rations


   Skills:
 + Level 11.8 Fighting
 + Level 9.9(10.8) Axes
 + Level 6.8(9.4) Polearms
 + Level 6.9 Armour
 + Level 5.3 Dodging


You had 7 spell levels left.
You didn't know any spells.

Dungeon Overview and Level Annotations

Branches:
Dungeon (1/1)

Altars:
Ashenzari
Cheibriados
Dithmenos
Elyvilon
Fedhas
Gozag
Hepliaklqana
Kikubaaqudgha
Makhleb
Nemelex Xobeh
Okawaru
Qazlal
Ru
Sif Muna
Trog
Uskayaw
Vehumet
Wu Jian
Xom
Yredelemnul
Zin
The Shining One
Beogh
Jiyva
Lugonu

Annotations:
D 1 transporter


Innate Abilities, Weirdness & Mutations

You are resistant to torment.
Your stone body is resilient. (AC +5)
You are immune to poison.
You resist negative energy. (rN+)
You are resistant to electric shocks. (rElec)
You can survive without breathing.
You are immune to petrification.
You are immune to rotting.


Message History

The fire elemental misses you. The fire elemental hits you.
The fire elemental burns you!
* * * LOW HITPOINT WARNING * * *
The trident of piercing hits you from afar!
* * * LOW HITPOINT WARNING * * *
x2 You puncture the deep elf mage!
The deep elf mage is moderately wounded.
The deep elf knight shoots an arrow.
The arrow closely misses you.
The deep elf mage mumbles some strange words.
The deep elf mage blinks!
The fire elemental closely misses you. The fire elemental misses you.
The trident of piercing hits you but does no damage.
The fire elemental hits you.
* * * LOW HITPOINT WARNING * * *
The fire elemental burns you!
* * * LOW HITPOINT WARNING * * *
The trident of piercing hits you.
* * * LOW HITPOINT WARNING * * *
x2 The fire elemental hits you.
You die...

▓.†.†.▓.....▓..©..▓
▓..©..▓..©..▓▓▓▓▓▓▓
▓▓▓▓▓▓▓▓▓▓▓▓▓▓
▓..8©8...▓
▓..[:e...▓
▓...§....▓
▓.§.§....▓
▓.§E(....▓
▓.▓E@Ee▓.▓
▓...©....▓
▓▓▓▓▓▓▓▓▓▓


You could see a deep elf knight, a deep elf mage, 3 fire elementals and a
trident of piercing.

Vanquished Creatures
  A deep elf knight (D)
  2 toenail golems (D)
  A small abomination (D)
  An iguana (D)
  A river rat (D)
  A shadow imp (D)
  A white imp (D)
  2 jackals (D)
10 creatures vanquished.

Vanquished Creatures (others)
  An azure jelly (D)
  4 death oozes (D)
  Prince Ribbit (D)
  Crazy Yiuf (D)
7 creatures vanquished.

Grand Total: 17 creatures vanquished

Notes
Turn   | Place    | Note
-------+----------+-------------------------------------------
     0 | D        | Found the +6 Majin-Bo {vamp, Archmagi MP+6 Int+6}
     0 | D        | Found the +7 great mace "Firestarter" {inner flame, rF++}
     0 | D        | Fang the Gargoyle Berserker began the quest for the Orb.
     0 | D        | Reached XP level 1. HP: 14/14 MP: 1/1
     3 | D        | Found a blossoming altar of Fedhas.
     4 | D        | Found a viscous altar of Jiyva.
     4 | D        | Found a hazy altar of Hepliaklqana.
     4 | D        | Found a transporter.
     4 | D        | Found an opulent altar of Gozag.
     4 | D        | Found an ancient bone altar of Kikubaaqudgha.
     4 | D        | Found a corrupted altar of Lugonu.
    12 | D        | Found a burning altar of Makhleb.
    12 | D        | Killed an azure jelly
    13 | D        | Found a stormy altar of Qazlal.
    13 | D        | Found a sacrificial altar of Ru.
    13 | D        | Found an iron altar of Okawaru.
    13 | D        | Found a deep blue altar of Sif Muna.
    13 | D        | Found a sparkling altar of Nemelex Xobeh.
    13 | D        | Found a bloodstained altar of Trog.
    64 | D        | Killed Crazy Yiuf
    85 | D        | Entered arena 2.
    85 | D        | Noticed a toenail golem
    85 | D        | Noticed a toenail golem
    85 | D        | Found a transporter.
    95 | D        | Killed a death ooze
    98 | D        | Killed a toenail golem
    98 | D        | Reached skill level 9 in Fighting
    98 | D        | Reached skill level 5 in Armour
    98 | D        | Reached XP level 2. HP: 27/27 MP: 2/2
    98 | D        | Reached XP level 3. HP: 31/31 MP: 3/3
    98 | D        | Reached XP level 4. HP: 36/36 MP: 4/4
    98 | D        | Reached XP level 5. HP: 41/41 MP: 5/5
    98 | D        | Reached XP level 6. HP: 46/46 MP: 6/6
   102 | D        | Killed a toenail golem
   102 | D        | Reached skill level 10 in Fighting
   102 | D        | Reached XP level 7. HP: 51/53 MP: 7/7
   105 | D        | Killed a death ooze
   108 | D        | Reached ** piety under Trog
   134 | D        | Killed a death ooze
   237 | D        | Killed Prince Ribbit
   248 | D        | Entered arena 3.
   248 | D        | Found a transporter.
   254 | D        | Reached skill level 11 in Fighting
   255 | D        | Reached *** piety under Trog
   262 | D        | Got the ring of Hoidgh {+Fly rC+}
   302 | D        | Entered arena 4.
   302 | D        | Found a transporter.
   308 | D        | Reached **** piety under Trog
   308 | D        | Killed a death ooze
   314 | D        | Got the +2 leather armour "Dinyer" {rC+}
   333 | D        | Entered arena 5.
   333 | D        | Noticed a deep elf mage
   333 | D        | Noticed a deep elf knight
   333 | D        | Noticed a deep elf knight
   333 | D        | Noticed a trident of piercing
   333 | D        | Found a transporter.
   337 | D        | Noticed a fire elemental
   337 | D        | Noticed a fire elemental
   340 | D        | Noticed a fire elemental
   341 | D        | Killed a deep elf knight
   341 | D        | Reached skill level 5 in Dodging
   341 | D        | Reached XP level 8. HP: 34/60 MP: 8/8
   343 | D        | HP: 3/90 [fire elemental[a deep elf mage] (9)]
   343 | D        | HP: 1/90 [trident of piercing (1)]
   343 | D        | Slain by a fire elemental

Skill      XL: |  1  2  3  4  5  6  7 |
---------------+----------------------+-----
Fighting       | 9 10 11 | 11.8
Axes           | 7 8 9 |  9.9
Polearms       | 3 4 6 |  6.8
Armour         | 5 6 |  6.9
Dodging        | 4 5 |  5.3

Action                   |  1- 3 |  4- 6 |  7- 9 || total
-------------------------+-------+-------+-------++-------
Melee: Demon trident     |    12 |     4 |    21 ||    37
Invok: Berserk           |     1 |       |     2 ||     3
       Burn Spellbooks   |       |       |     1 ||     1
Armor: Shadow dragon sca |    11 |     2 |     9 ||    22
       Leather armour    |       |       |     4 ||     4
Dodge: Dodged            |     5 |     2 |    11 ||    18
